 Dungeon Crawl Stone Soup version 0.30-a0-760-g5a9884bb7c (webtiles) character file.

Game seed: 7141995653683278350

4572 boo the Carver (level 10, -1/91 HPs)
             Began as a Minotaur Fighter on Feb 11, 2023.
             Was a Follower of Okawaru.
             Slain by an orc warrior
             ... wielding a +0 trident
              (3 damage)
             ... on level 9 of the Dungeon.
             The game lasted 00:12:52 (9967 turns).

boo the Carver (Minotaur Fighter)                   Turns: 9967, Time: 00:12:52

Health: -1/91      AC: 11    Str: 24    XL:     10   Next: 18%
Magic:  9/9        EV:  9    Int:  5    God:    Okawaru [*.....]
Gold:   468        SH:  5    Dex: 11    Spells: 9/9 levels left

rFire   . . .      SeeInvis .    a - +0 long sword
rCold   . . .      Faith    .    c - +0 buckler
rNeg    . . .      Spirit   .    b - +0 scale mail
rPois   .          Reflect  .    (helmet restricted)
rElec   .          Harm     .    (no cloak)
rCorr   .          Rampage  .    j - +0 pair of gloves
Will    .....                    C - +0 pair of boots Stlth
                                 (no amulet)
HPRegen 0.35/turn                (no ring)
MPRegen 0.11/turn                (no ring)

@: no status effects
A: horns 2, retaliatory headbutt
a: Renounce Religion, Heroism


You were on level 9 of the Dungeon.
You worshipped Okawaru.
Okawaru was aware of your devotion.
You visited 1 branch of the dungeon, and saw 9 of its levels.
You also visited: Ossuary.

You collected 468 gold pieces.

Inventory:

Hand Weapons
 a - a +0 long sword (weapon)
Armour
 b - a +0 scale mail (worn)
 c - a +0 buckler (worn)
 j - a +0 pair of gloves (worn)
 C - a +0 pair of boots (worn)
Jewellery
 h - a ring of wizardry
 q - an amulet of the acrobat
 u - a ring of flight
 y - a +6 ring of intelligence
Wands
 i - a wand of light (10)
 w - a wand of flame (19)
 x - a wand of mindburst (12)
Scrolls
 e - 2 scrolls of enchant armour
 g - a scroll of fog
 l - a scroll of enchant weapon
 o - a scroll of brand weapon
 p - 3 scrolls of teleportation
 r - 4 scrolls of vulnerability
 t - a scroll of amnesia {unknown}
 v - a scroll of blinking {unknown}
 A - a scroll of magic mapping {unknown}
Potions
 d - 4 potions of might
 f - 2 potions of magic
 k - 5 potions of curing
 n - 2 potions of lignification
 s - 2 potions of brilliance {unknown}
 z - a potion of haste {unknown}
 B - a potion of mutation {unknown}


   Skills:
 + Level 9.6 Fighting
 * Level 12.5 Long Blades
 + Level 9.5 Armour
 - Level 5.0 Shields


You had 9 spell levels left.
You didn't know any spells.
Your spell library contained the following spells:

 Spells                   Type           Power      Damage    Failure   Level
 Cigotuvi's Dreadful Rot  Necr/Pois/Air  0%         N/A       91%         2
 Poisonous Vapours        Pois/Air       0%         N/A       91%         2
 Mephitic Cloud           Conj/Pois/Air  0%         N/A       99%         3


Dungeon Overview and Level Annotations

Branches:
Dungeon (9/15)             Temple (0/1) D:7         Ossuary (visited)
   Lair: D:8-11         Orc: D:9-12

Altars:
Okawaru
Sif Muna
Trog
Uskayaw
Wu Jian

Shops:
D:3 (

Annotations:
D:4 exclusion: downstairs
D:6 1 runed translucent door, Nabski's ghost, novice TeFE


Innate Abilities, Weirdness & Mutations

You have a pair of horns on your head.
You reflexively headbutt those who attack you in melee.


Message History

* * * LOW HITPOINT WARNING * * *
The orc hits you but does no damage. The orc warrior completely misses you.
You closely miss the orc. Your headbutt misses the orc.
Something hits you but does no damage.
You hit the orc.
The orc is severely wounded.
Something hits you but does no damage.
An acid dragon comes into view.
You block the orc's attack. The orc closely misses you.
Something completely misses you. The orc completely misses you.
You furiously retaliate!
You headbutt the orc!
You kill the orc!
Okawaru accepts your kill.
The orc warrior hits you but does no damage.
The acid dragon roars!
You slash the orc!
You kill the orc!
Okawaru accepts your kill. Something hits you but does no damage.
Something hits you.
* * * LOW HITPOINT WARNING * * *
The orc barely misses you.
The orc warrior hits you from afar with a +0 trident.
* * * LOW HITPOINT WARNING * * *
Something hits you but does no damage. Something hits you but does no damage.
The orc hits you with a +0 flail.
* * * LOW HITPOINT WARNING * * *
There is an open door, spattered with blood here.
You see here a +0 short sword.
The orc attacks as you move away! The orc hits you with a +0 flail.
* * * LOW HITPOINT WARNING * * *
Something hits you but does no damage. Something hits you.
* * * LOW HITPOINT WARNING * * *
You miss something. Your headbutt misses something.
Something hits you but does no damage. Something hits you.
* * * LOW HITPOINT WARNING * * *
The orc hits you with a +0 flail.
* * * LOW HITPOINT WARNING * * *
The orc warrior hits you from afar with a +0 trident.
You die...

###### #######
#....###########......
#....#.........#......
#...<#.........#.....(
#....#.........#......
##+#....#.###'#####......
#.....###.###....###+#...
+.....#{@..#......#..#...
#.....#.o..#......+..'...
#.....#o####+###'#####...
#..D..D..................
'......).................
#........................
#........................
#....###+#################
#....


You could see an orc warrior, an acid dragon and an orc.

Vanquished Creatures
  A cyclops (D:8)
  Joseph (D:8)
  4 humans (D:7)
  A steam dragon (D:8)
  2 water moccasins
  An orc warrior (D:8)
  2 sky beasts (D:7)
  An ice beast (D:6)
  3 ogres
  3 black bears
  A centaur (D:8)
  2 phantoms
  A bullfrog (D:8)
  4 elf zombies (Ossuary)
  A necrophage (D:8)
  A gnoll sergeant (D:5)
  A scorpion (D:4)
  3 wights (D:8)
  3 killer bees (D:5)
  A howler monkey (D:9)
  A lava snake (D:7)
  6 centaur zombies (Ossuary)
  A hound (D:5)
  2 jellies (D:6)
  2 human zombies (Ossuary)
  5 orc priests
  An iguana (D:5)
  3 orc wizards (D:3)
  3 mummies (Ossuary)
  4 gnolls
  9 adders
  2 white imps
  2 ufetubi
  4 worms
  3 dart slugs (D:4)
  30 orcs
  9 endoplasms
  5 giant cockroaches
  11 goblins
  8 hobgoblins
  3 jackals (D:1)
  A quokka (D:4)
  8 ball pythons
  12 bats
  2 frilled lizards
  6 kobolds
  12 rats
192 creatures vanquished.

Vanquished Creatures (others)
  13 plants
13 creatures vanquished.

Grand Total: 205 creatures vanquished

Notes
Turn   | Place    | Note
-------+----------+-------------------------------------------
     0 | D:1      | boo the Minotaur Fighter began the quest for the Orb.
     0 | D:1      | Reached XP level 1. HP: 19/19 MP: 0/0
    94 | D:1      | Reached XP level 2. HP: 19/27 MP: 1/1
   259 | D:1      | Reached skill level 3 in Long Blades
   552 | D:1      | Reached XP level 3. HP: 33/33 MP: 2/2
  1190 | D:2      | Found a shimmering blue altar of Sif Muna.
  1250 | D:2      | Reached XP level 4. HP: 39/40 MP: 3/3
  1776 | D:3      | Reached skill level 4 in Long Blades
  1838 | D:3      | Found Wexicinn's Weapon Shop.
  1862 | D:3      | Reached XP level 5. HP: 37/47 MP: 4/4
  2093 | D:3      | Reached skill level 5 in Long Blades
  2242 | D:3      | Reached XP level 6. HP: 18/55 MP: 5/5
  2253 | D:3      | Reached skill level 5 in Shields
  2255 | D:3      | Reached skill level 5 in Fighting
  2890 | D:4      | Found a bloodstained altar of Trog.
  2907 | D:4      | Reached skill level 5 in Armour
  2909 | D:4      | Reached skill level 6 in Long Blades
  3023 | D:4      | Noticed a +0 dagger
  3023 | D:4      | Noticed a +0 falchion
  3024 | D:4      | Noticed a +0 dagger
  3024 | D:4      | Noticed a +0 spear
  3024 | D:4      | Noticed a +0 short sword
  3025 | D:4      | Noticed a +0 short sword
  3026 | D:4      | Noticed a +0 spear
  3027 | D:4      | Noticed a +0 falchion
  3034 | D:4      | Found a hide-covered altar of Uskayaw.
  3072 | D:4      | Reached XP level 7. HP: 61/61 MP: 6/6
  3250 | D:4      | Found a sand-covered staircase.
  3260 | Ossuary  | Entered an ossuary
  3315 | Ossuary  | Reached skill level 7 in Long Blades
  3595 | Ossuary  | Reached XP level 8. HP: 59/71 MP: 7/7
  3615 | Ossuary  | Reached skill level 8 in Long Blades
  4016 | D:5      | Entered Level 5 of the Dungeon
  5220 | D:5      | Reached skill level 9 in Long Blades
  6168 | D:6      | Reached skill level 10 in Long Blades
  6168 | D:6      | Reached XP level 9. HP: 72/80 MP: 8/8
  6411 | D:6      | Found a runed translucent door.
  6412 | D:6      | Noticed Nabski's ghost (novice TeFE)
  6869 | D:7      | Found a staircase to the Ecumenical Temple.
  6940 | D:7      | Reached skill level 11 in Long Blades
  7468 | D:7      | Identified the +4 hand axe of Qadayngu {heavy, Dex+4}
  7610 | D:7      | Found an iron altar of Okawaru.
  7610 | D:7      | Found an ornate altar of the Wu Jian Council.
  7792 | D:7      | Became a worshipper of Warmaster Okawaru
  8296 | D:8      | Noticed a cyclops
  8312 | D:8      | Killed a cyclops
  8312 | D:8      | Reached * piety under Okawaru
  8313 | D:8      | Reached skill level 12 in Long Blades
  8313 | D:8      | Reached XP level 10. HP: 28/91 MP: 9/9
  8910 | D:8      | Noticed Joseph
  8937 | D:8      | Killed Joseph
  9948 | D:9      | HP: 2/91 [something (5)]
  9967 | D:9      | HP: 4/91 [something (3)]
  9967 | D:9      | Slain by an orc warrior

Illustrated notes

Levels and vault maps discovered:
D:1:      dpeg_arrival_subterranean_lakeside_camping, layout_basic,
          serial_curves, eino_curves_01, eino_curves_02, minmay_tromino_v4_c
D:2:      minmay_chambers_of_ones, layout_rooms, serial_rivers,
          chequers_serial_rivers_marsh, chequers_serial_rivers_small_b,
          chequers_serial_rivers_small_3, chequers_serial_rivers_micro_a,
          chequers_serial_rivers_micro_d, chequers_serial_rivers_small_a,
          basic_altar
D:3:      layout_loops_ring, serial_shops, nicolae_square_shop,
          serial_bayou_ford_a
D:4:      layout_basic, trog_ov_bears_minmay, nicolae_uskayaw_en_pointe,
          nicolae_ossuary_entry_monument
D:5:      layout_loops_cross
D:6:      layout_loops_ring, gammafunk_ghost_grave, hangedman_decor_push
D:7:      layout_basic, nicolae_overflow_two_pavilions,
          minmay_temple_entry_butterflies, enter_bailey_2, minmay_ruffians
D:8:      layout_basic, uniq_joseph
D:9:      layout_gridville, special_room [special_room_bee], minmay_lizard_king

Skill      XL: |  1  2  3  4  5  6  7  8  9 |
---------------+----------------------------+-----
Long Blades    | 3 4 5 6 7 10 12 | 12.5
Armour         | 4 5 6 7 9 |  9.5
Shields        | 4 5 |  5.0
Fighting       | 4 5 6 7 9 |  9.6

Action                     |  1- 3 |  4- 6 |  7- 9 | 10-12 || total
---------------------------+-------+-------+-------+-------++-------
  Melee: Long sword        |   112 |   178 |   395 |    58 ||   743
         Headbutt          |    17 |    25 |    83 |    13 ||   138
    Use: Scroll            |       |       |    11 |     1 ||    12
         Potion            |       |       |     1 |     3 ||     4
 Armour: Scale mail        |    66 |   112 |   139 |    69 ||   386
  Dodge: Dodged            |    66 |    74 |   153 |    14 ||   307
  Block: Buckler           |    43 |    28 |    74 |    18 ||   163

Table legend: (Time is in decaauts)
 A = Elapsed time spent in this place.
 B = Non-inter-level travel time spent in this place.
 C = Inter-level travel time spent in this place.
 D = Time resting spent in this place.
 E = Time spent auto-exploring this place.
 F = Levels seen in this place.
 G = Mean time per level.
                   A        B        C        D        E       F      G
               +--------+--------+--------+--------+--------+-----+--------+
         Total |  10045 |   9468 |    577 |   2623 |   5413 |  10 | 1004.5 |
       Dungeon |   9602 |   9025 |    577 |   2407 |   5353 |   9 | 1066.9 |
       Ossuary |    443 |    443 |      0 |    216 |     60 |   1 |  443.0 |
               +--------+--------+--------+--------+--------+-----+--------+

Top non-repeatable levels by time:
     D:8: 1667 daAuts
     D:7: 1326 daAuts
     D:3: 1325 daAuts
     D:5: 1217 daAuts
     D:4: 1186 daAuts
     D:6: 943 daAuts
     D:1: 902 daAuts
     D:2: 864 daAuts
 Ossuary: 443 daAuts
     D:9: 169 daAuts
